 Dungeon Crawl Stone Soup version 0.25.0-37-gb73750e (webtiles) character file.

Game seed: 5089764119689059822

560 Balder the Cudgeler (level 7, 42/61 HPs)
             Began as a Pale Draconian Berserker on July 10, 2020.
             Was a Priest of Trog.
             Quit the game on level 4 of the Dungeon.
             The game lasted 00:13:52 (3719 turns).

Balder the Cudgeler (Pale Draconian Berserker)      Turns: 3719, Time: 00:13:52

Health: 42/61      AC:  7    Str: 19    XL:     7   Next: 9%
Magic:  7/7        EV: 13    Int:  8    God:    Trog [***...]
Gold:   209        SH:  0    Dex: 12    Spells: 6/6 levels left

rFire    . . .     SeeInvis .   a - +0 flail
rCold    . . .     Gourm    .   (no shield)
rNeg     . . .     Faith    .   (armour unavailable)
rPois    .         Spirit   .   (helmet restricted)
rElec    .         Reflect  .   s - +0 cloak
rCorr    .         Harm     .   (no gloves)
MR       .....                  (no boots)
Stlth    +.........             (no amulet)
HPRegen  0.20/turn              (no ring)
MPRegen  0.10/turn              (no ring)

@: no status effects
A: breathe steam, unfitting armour, cold-blooded, AC +6
a: Breathe Steam, Berserk, Trog's Hand, Renounce Religion


You were on level 4 of the Dungeon.
You worshipped Trog.
Trog was most pleased with you.
You were hungry.

You visited 1 branch of the dungeon, and saw 4 of its levels.

You collected 209 gold pieces.

Inventory:

Hand Weapons
 a - a +0 flail (weapon)
 l - a +3 quarterstaff of chaos
 u - a +0 mace
Missiles
 h - an atropa-tipped dart (quivered)
 r - 2 poisoned darts
Armour
 s - a +0 cloak (worn)
Jewellery
 j - an uncursed amulet of guardian spirit {unknown}
Wands
 o - a wand of disintegration (9)
Scrolls
 c - 2 scrolls of teleportation {unknown}
 d - 3 scrolls of identify {unknown}
 e - 2 scrolls of blinking {unknown}
 i - 2 scrolls of enchant weapon {unknown}
 k - 2 scrolls of enchant armour {unknown}
 m - a scroll of immolation {unknown}
 q - a scroll of fog {unknown}
 v - a scroll of magic mapping {unknown}
Potions
 f - a potion of curing {unknown}
 g - a potion of lignification {unknown}
 n - a potion of brilliance {unknown}
 p - a potion of degeneration {unknown}
Comestibles
 b - 7 rations
 t - 13 chunks of flesh


   Skills:
 * Level 5.0 Fighting
 * Level 5.9 Maces & Flails
 * Level 2.1 Throwing
 * Level 4.0 Dodging


You had 6 spell levels left.
You didn't know any spells.
Your spell library was empty.

Dungeon Overview and Level Annotations

Branches:
Dungeon (4/15)
 Temple: D:4-7

Altars:
Gozag
Okawaru


Innate Abilities, Weirdness & Mutations

You can breathe blasts of scalding, opaque steam.
Your pale cyan-grey scales are hard. (AC +6)
You cannot fit into any form of body armour.
You are cold-blooded and may be slowed by cold attacks.


Message History

You kill the orc!
Trog accepts your kill.
Things that are here:
a +0 hand axe; a +0 ring mail There isn't anything to butcher here.
Things that are here:
a +0 dagger; a +0 robe; an orc corpse You butcher the orc corpse.
t - 12 chunks of flesh (gained 1)
Things that are here:
a +0 dagger; a +0 robe; an orc skeleton
Things that are here:
a +0 hand axe; a +0 ring mail
Items here: )) [ † a +0 falchion; a +0 leather armour; a +0 hand axe; an orc corpse You butcher the orc corpse.
t - 13 chunks of flesh (gained 1)
Items here: )) [ ÷ a +0 falchion; a +0 leather armour; a +0 hand axe; an orc skeleton Are you sure you want to abandon this character and quit the game? (Confirm with "yes".)

# .....#####
..#..........##
#.#............
#.#............
#.#..........(.
#............{o
#.............
#.@...........
##)#..........
#..)##........
##....###......
##...#..#####...
#.....##.### ##
#.......#..##
#............##
#..............###


There were no monsters in sight!

Vanquished Creatures
  Sigmund (D:2)
  A hound (D:2)
  2 orc priests (D:4)
  Crazy Yiuf (D:3)
  Ijyb (D:3)
  2 orc wizards
  A worker ant (D:4)
  A gnoll (D:3)
  4 adders
  2 oozes (D:1)
  4 worms
  A dart slug (D:1)
  3 leopard geckos
  13 orcs
  A ball python (D:1)
  5 giant cockroaches
  12 goblins
  6 hobgoblins
  4 jackals (D:2)
  6 quokkas
  5 bats
  3 frilled lizards
  5 kobolds
  A leopard gecko skeleton (D:4)
  5 rats
90 creatures vanquished.

Vanquished Creatures (others)
  An orc wizard (D:4)
1 creature vanquished.

Grand Total: 91 creatures vanquished

Notes
Turn   | Place    | Note
-------+----------+-------------------------------------------
     0 | D:1      | Balder the Draconian Berserker began the quest for the Orb.
     0 | D:1      | Reached XP level 1. HP: 19/19 MP: 1/1
    12 | D:1      | Noticed a merfolk zombie
   357 | D:1      | Reached XP level 2. HP: 26/26 MP: 2/2
  1002 | D:1      | Reached XP level 3. HP: 33/33 MP: 3/3
  1447 | D:2      | Reached XP level 4. HP: 40/40 MP: 4/4
  1668 | D:2      | Reached ** piety under Trog
  1814 | D:2      | Noticed Sigmund
  1824 | D:2      | Killed Sigmund
  1824 | D:2      | Reached skill level 5 in Maces & Flails
  1824 | D:2      | Reached skill level 1 in Throwing
  1824 | D:2      | Reached XP level 5. HP: 47/47 MP: 5/5
  1854 | D:2      | Found an iron altar of Okawaru.
  1927 | D:2      | Reached XP level 6. HP: 36/53 MP: 6/6
  2615 | D:3      | Found an opulent altar of Gozag.
  2731 | D:3      | Noticed Ijyb
  2749 | D:3      | Killed Ijyb
  3331 | D:3      | Found a runed translucent door.
  3332 | D:3      | Noticed Crazy Yiuf
  3340 | D:3      | Killed Crazy Yiuf
  3542 | D:4      | Reached *** piety under Trog
  3688 | D:4      | Reached skill level 5 in Fighting
  3688 | D:4      | Your scales start taking on a pale cyan-grey colour.
  3688 | D:4      | Reached XP level 7. HP: 54/61 MP: 7/7
  3719 | D:4      | Quit the game

Illustrated notes

Levels and vault maps discovered:
D:1:      shiori_arrival_whats_in_store_for_you, layout_basic
D:2:      wander_river, layout_loops_cross, lemuel_doored_altar, minivault_5,
          mrwooster_statue_mirror, uniq_sigmund
D:3:      layout_basic, st_stairs_13, nicolae_gozag_seed_capital, uniq_ijyb,
          uniq_crazy_yiuf_cottage
D:4:      layout_cave_pods, first_ration, serial_shops, shop_scrolls

Skill      XL: |  1  2  3  4  5  6 |
---------------+-------------------+-----
Dodging        | 3 4 |  4.0
Maces & Flails | 5 |  5.9
Fighting       | 4 5 |  5.0
Throwing       | 1 2 |  2.1

Action                   |  1- 3 |  4- 6 |  7- 9 || total
-------------------------+-------+-------+-------++-------
Melee: Mace              |   103 |   165 |       ||   268
       Tailslap          |     9 |    21 |       ||    30
       Flail             |       |     9 |    15 ||    24
Throw: Dart              |     3 |    17 |       ||    20
       Boomerang         |       |    10 |       ||    10
Invok: Berserk           |     2 |     4 |       ||     6
       Trog's Hand       |       |     3 |       ||     3
  Eat: Chunk             |     3 |     9 |       ||    12
       Ration            |       |     1 |       ||     1
Armor: Skin              |    39 |    62 |     6 ||   107
Dodge: Dodged            |    73 |   123 |    24 ||   220
